Map: King's Cove LE

Players

windowsXP - Winner!

  • Race: Protoss Protoss
  • League: Gold
  • Spawn Location: 5:00

SandboX

  • Race: Zerg Zerg
  • League: Gold
  • Spawn Location: 11:00

VOD

Have the link to the VOD?

Description

Time

  • Played on: Aug. 10, 2019, 4:11 p.m.
  • Length: 15:49
Show
View Real Time Build Order
Export as new Build Order

windowsXP Protoss - Winner!

Build Orders:  

Get SALT Encoding   

  1  0:00  Probe  
  12  0:05  Probe  
  14  0:18  Pylon  
  14  0:22  Probe  
  15  0:36  Probe  
  15  0:38  Gateway  
  16  0:50  Gateway  
  16  0:52  Probe  
  17  0:59  Assimilator  
  17  1:02  Probe  
  17  1:10  Probe  
  19  1:18  Assimilator  
  19  1:25  Cybernetics Core  
  19  1:30  Probe  
  20  1:41  Zealot  
  22  1:53  Probe  
  23  2:00  Pylon  
  23  2:03  Pylon  
  23  2:08  Adept  
  23  2:18  Adept  
  28  2:22  Probe  
  28  2:23  Warp Gate  
  28  2:34  Probe  
  29  2:38  Adept  
  31  2:47  Probe, Pylon  
  31  2:48  Zealot  
  34  2:59  Probe  
  35  3:08  Zealot  
  35  3:11  Zealot, Probe  
  38  3:14  Twilight Council  
  38  3:16  Pylon  
  40  3:32  Stalker  
  40  3:35  Zealot  
  44  3:51  Charge  
  44  4:02  Stalker x2  
  48  4:07  Probe  
  49  4:10  Pylon  
  49  4:19  Probe  
  50  4:34  Pylon  
  51  4:53  Stalker  
  30  5:32  Stalker x2  
  34  5:40  Dark Shrine  
  34  5:46  Gateway  
  34  5:48  Gateway  
  34  5:55  Nexus  
  34  5:57  Zealot x2  
  34  6:01  Probe  
  39  6:12  Pylon  
  39  6:13  Probe  
  39  6:14  Assimilator  
  40  6:19  Zealot x2  
  40  6:25  Probe  
  45  6:37  Probe  
  46  6:53  Dark Templar x4  
  54  7:21  Robotics Facility  
  54  7:27  Stalker x2  
  54  7:28  Stalker x2  
  50  8:25  Stalker  
  50  8:26  Stalker x3  
  32  9:54  Stalker  
  32  9:55  Stalker x3  
  32  9:56  Immortal  
  32  9:57  Probe  
  40  10:05  Probe  
  45  10:12  Gateway  
  46  10:15  Probe  
  47  10:27  Probe  
  48  10:35  Stalker x4  
  52  10:37  Probe  
  57  10:45  Probe  
  58  10:59  Zealot x2  
  58  11:03  Zealot  
  50  11:27  Dark Templar x3  
  50  11:28  Dark Templar  
  50  11:32  Zealot  
  60  12:01  Nexus  
  46  12:32  Dark Templar  
  46  12:33  Dark Templar x4  
  48  12:56  Immortal  
  52  13:02  Stargate  
  52  13:07  Archon x3  
  52  13:11  Stalker x4  
  52  13:12  Stalker  
  62  13:15  Probe  
  62  13:16  Assimilator  
  62  13:17  Probe  
  62  13:18  Assimilator  
  64  13:23  Assimilator  
  64  13:28  Probe  
  64  13:29  Probe x2  
  67  13:40  Probe  
  67  13:41  Probe  
  69  13:42  Stalker x2, Probe  
  69  13:46  Stalker  
  76  14:02  Probe x3  
  79  14:14  Probe x2  
  81  14:18  Zealot x3  
  81  14:20  Pylon  
  81  14:24  Dark Templar  
  89  14:29  Dark Templar  
  89  14:30  Immortal  
  91  14:38  Void Ray  
  99  14:58  Archon  
  99  15:05  Zealot x3  
  99  15:06  Zealot x2  
Show
View Real Time Build Order
Export as new Build Order

SandboX Zerg 

Build Orders: Hatch First 

Get SALT Encoding   

  12  0:01  Drone  
  13  0:12  Overlord  
  13  0:18  Drone  
  14  0:33  Drone x2  
  16  0:48  Drone  
  17  1:06  Hatchery  
  17  1:10  Drone x3  
  19  1:13  Extractor  
  18  1:26  Drone, Spawning Pool  
  18  1:32  Drone  
  19  1:48  Overlord  
  19  2:15  Zergling x4  
  21  2:16  Zergling x2  
  21  2:17  Queen  
  21  2:18  Queen  
  27  2:22  Drone  
  27  2:27  Drone  
  28  2:42  Drone x2  
  30  2:48  Hatchery  
  29  2:53  Drone x3  
  32  3:02  Metabolic Boost  
  32  3:11  Overlord x2  
  32  3:13  Drone  
  32  3:16  Drone  
  34  3:21  Drone  
  34  3:23  Overlord  
  35  3:30  Queen  
  37  3:38  Spore Crawler  
  37  3:40  Spore Crawler  
  35  3:45  Drone x3  
  35  3:47  Drone  
  39  4:01  Drone x3  
  42  4:06  Roach Warren  
  42  4:09  Extractor x2  
  39  4:23  Zergling x16  
  44  4:40  Zergling x16  
  47  4:48  Zergling x8  
  46  4:59  Zergling x6  
  49  5:13  Drone  
  42  5:22  Overlord, Roach  
  42  5:23  Roach x6  
  53  5:32  Spawning Pool  
  52  6:00  Drone x3  
  52  6:01  Drone x6  
  61  6:20  Queen x2  
  61  6:24  Overlord x2  
  61  6:25  Overlord  
  65  6:42  Queen  
  65  6:44  Drone x9  
  65  6:45  Drone  
  77  6:57  Lair  
  77  7:01  Evolution Chamber  
  76  7:02  Evolution Chamber  
  75  7:24  Drone x7  
  75  7:26  Overlord x4  
  75  7:27  Overlord  
  75  7:29  Extractor  
  81  7:30  Extractor  
  81  7:32  Extractor  
  78  7:39  Roach x3  
  78  7:40  Roach  
  78  7:43  Roach  
  82  7:50  Roach x4  
  70  7:59  Zergling x10  
  57  8:10  Roach x3  
  40  8:22  Roach x3  
  41  8:30  Roach x2  
  43  8:48  Zergling x12  
  44  8:49  Zergling x4  
  37  9:03  Zergling x2  
  37  9:04  Zergling x12  
  39  9:20  Overseer  
  29  9:50  Spawning Pool  
  26  9:53  Spawning Pool  
  26  10:37  Zergling x20  
  26  10:38  Zergling x4  
  26  10:40  Roach Warren  
  37  10:55  Zergling x6  
  38  11:09  Zergling x8  
  33  11:20  Zergling x4  
  35  11:27  Roach  
  35  11:28  Roach  
  35  11:29  Queen  
  35  11:30  Queen  
  43  11:39  Roach x2  
  47  11:44  Hatchery, Roach x4  
  54  12:01  Roach x2  
  54  12:02  Roach  
  42  12:26  Overseer  
  39  12:57  Spawning Pool  
  38  13:33  Drone x9  
  47  13:49  Roach Warren  
  46  14:10  Hatchery  
  46  14:15  Overseer x2  
  45  14:28  Drone x10  
  45  14:29  Drone  
  56  14:58  Roach x7  
  70  15:04  Overlord x2  
  70  15:26  Evolution Chamber  
Tags
 
Add a new tag
Caveats
  • Supply blocks, unpowered buildings, or Contaminate may cause inaccurate times.
  • Supply counts are checked every 10 seconds.